 Dungeon Crawl Stone Soup version 0.30.0-10-gfe55d96785 (webtiles) character file.

Game seed: 12367971657816860195

28 Demosthentine the Ducker (level 2, -6/23 HPs)
             Began as a Demonspawn Gladiator on May 13, 2023.
             Mangled by a gnoll
             ... wielding a +1 flail of holy wrath
              (7 damage)
             ... on level 2 of the Dungeon.
             The game lasted 00:01:15 (872 turns).

Demosthentine the Ducker (Demonspawn Gladiator)      Turns: 872, Time: 00:01:16

Health: -6/23      AC:  4    Str: 14    XL:     2   Next: 96%
Magic:  2/2        EV: 12    Int:  9    God:
Gold:   35         SH:  0    Dex: 14    Spells: 1/1 levels left

rFire   . . .        a - +0 trident
rCold   . . .        (no shield)
rNeg    . . .        b - +0 leather armour
rPois   .            c - +0 helmet
rElec   .            (no cloak)
rCorr   .            (no gloves)
SInv    .            (no boots)
Will    .....        (no amulet)
Stlth   +            (no ring)
HPRegen 0.23/turn    (no ring)
MPRegen 0.08/turn

%: no passive effects
@: no status effects
A: hooves 1
a: no special abilities


You were on level 2 of the Dungeon.
You visited 1 branch of the dungeon, and saw 2 of its levels.

You collected 35 gold pieces.

Inventory:

Hand Weapons
 a - a +0 trident (weapon)
Missiles
 d - 3 throwing nets (quivered)
 e - a javelin
Armour
 b - a +0 leather armour (worn)
 c - a +0 helmet (worn)
Potions
 g - a potion of heal wounds
 i - a potion of curing


   Skills:
 + Level 2.4 Fighting
 + Level 3.0 Polearms
 - Level 1.7 Throwing
 + Level 1.0 Armour
 + Level 3.0 Dodging


You had one spell level left.
You didn't know any spells.
Your spell library was empty.

Dungeon Overview and Level Annotations

Branches:
Dungeon (2/15)

Altars:


Innate Abilities, Weirdness & Mutations

You have large cloven feet.


Message History

You hit the bat but do no damage. You kick the bat.
The bat is severely wounded.
The bat closely misses you. The bat hits you but does no damage.
You barely miss the bat.
The bat is severely wounded.
The bat hits you but does no damage. x2
You puncture the bat!
You kill the bat!
The bat barely misses you. x2
You puncture the bat!
You kill the bat!
The goblin barely misses you.
The frilled lizard hisses.
You hit the goblin. You kick the goblin, but do no damage.
The goblin is heavily wounded.
The goblin barely misses you.
You miss the goblin. You kick the goblin, but do no damage.
The goblin is heavily wounded.
The goblin misses you.
You hit the goblin. Your kick misses the goblin.
The goblin is severely wounded.
The goblin closely misses you.
You hit the goblin.
You kill the goblin!
You closely miss the gnoll. Your kick misses the gnoll.
The gnoll closely misses you.
You barely miss the gnoll. Your kick misses the gnoll.
The gnoll closely misses you.
You puncture the gnoll!
The gnoll is heavily wounded.
The gnoll hits you with a +1 flail of holy wrath!
You convulse!
* * * LOW HITPOINT WARNING * * *
You hit the gnoll. Your kick misses the gnoll.
The gnoll is severely wounded.
The gnoll closely misses you.
The gnoll hits you with a +1 flail of holy wrath.
* * * LOW HITPOINT WARNING * * *
You convulse!
You die...

###.#..#####....##...###.##.#
#.# #.#..#
#....##[.........###.# #.#...
##l#####.#######...... ##..
###g#.....# #.#####
#..#...#.##### #####.#####
#........# #.........#
#..###.### ### ###.#.#####
... #.#####.# #...# .#
#glg@.#.# #####
#####.#.####### #...#.....#
###.#.....# #...<...#
#.#.....# #.#.....# #.#.....#
#.#.....#


You could see 2 gnolls and a frilled lizard.

Vanquished Creatures
  A dart slug (D:2)
  5 bats
  2 endoplasms
  2 giant cockroaches (D:1)
  2 goblins
  5 hobgoblins
  2 kobolds (D:1)
  3 ball pythons (D:1)
  A rat (D:1)
23 creatures vanquished.

Notes
Turn   | Place    | Note
-------+----------+-------------------------------------------
     0 | D:1      | Demosthentine the Demonspawn Gladiator began the quest for
                  | the Orb.
     0 | D:1      | Reached XP level 1. HP: 16/16 MP: 1/1
   153 | D:1      | Gained mutation: You have large cloven feet. [demonic
                  | ancestry]
   153 | D:1      | Reached XP level 2. HP: 22/22 MP: 2/2
   786 | D:2      | Reached skill level 1 in Armour
   872 | D:2      | HP: 1/23 [gnoll/+1 flail of holy wrath (5)]
   872 | D:2      | Mangled by a gnoll

Illustrated notes

Levels and vault maps discovered:
D:1:      heliophobic_arrival_battle_scene, layout_basic
D:2:      layout_basic, basic_altar

Skill      XL: |  1  2 |
---------------+-------+-----
Armour         | 1 |  1.0
Polearms       | 3 |  3.0
Dodging        | 3 |  3.0
Fighting       | |  2.4
Throwing       | |  1.7

Action                     || total
---------------------------++-------
  Melee: Trident           ||    75
         Punch             ||     1
         Kick              ||     7
    Use: Scroll            ||     4
 Armour: Leather armour    ||    34
  Dodge: Dodged            ||    90
